 Dungeon Crawl Stone Soup version 0.19.1 (webtiles) character file.

75 Nakatomy the Shooter (level 4, 0/36 HPs)
             Began as a Centaur Hunter on Dec 25, 2016.
             Killed from afar by Natasha (7 damage)
             ... with a wand of flame
             ... on level 2 of the Dungeon.
             The game lasted 00:05:30 (1921 turns).

Nakatomy the Shooter (Centaur Hunter)               Turns: 1921, Time: 00:05:31

Health: 0/36       AC:  4    Str: 15    XL:     4   Next: 11%
Magic:  0/4        EV:  9    Int: 10    God:
Gold:   47         SH:  0    Dex: 10    Spells: 0 memorised, 3 levels left

rFire  . . .     SeeInvis .     a - +1 shortbow
rCold  . . .     Gourm    .     c - +0 leather armour
rNeg   . . .     Faith    .     (shield currently unavailable)
rPois  .         Spirit   +     (no helmet)
rElec  .         Reflect  .     (no cloak)
rCorr  .         Harm     .     (no gloves)
MR     .....                    (no barding)
Stlth  +.........               p - amulet of guardian spirit
                                (no ring)
                                j - ring of flight

@: very quick
A: hooves 3, deformed body, speed 2, tough skin 3
a: Evoke Flight


You were on level 2 of the Dungeon.
You were hungry.

You visited 1 branch of the dungeon, and saw 2 of its levels.

You collected 47 gold pieces.

Inventory:

Hand Weapons
 a - a +1 shortbow (weapon)
 b - a +0 short sword
Armour
 c - a +0 leather armour (worn)
Jewellery
 j - a ring of flight (left hand)
 p - an amulet of guardian spirit (around neck)
 r - an uncursed ring of ice
 t - an uncursed ring of see invisible {unknown}
Scrolls
 e - a scroll of enchant weapon {unknown}
 h - a scroll of identify {unknown}
 l - a scroll of amnesia {unknown}
 o - a scroll of random uselessness {unknown}
 q - a scroll of noise {unknown}
 s - a scroll of enchant armour {unknown}
 u - a scroll of remove curse {unknown}
 v - a scroll of magic mapping {unknown}
Potions
 g - a potion of magic {unknown}
 i - a potion of haste {unknown}
 k - 2 potions of brilliance {unknown}
 m - a potion of curing {unknown}
Comestibles
 f - 3 bread rations


   Skills:
 - Level 2.0 Fighting
 + Level 7.5 Bows
 - Level 1.3 Dodging
 - Level 0.4 Stealth


You had 3 spell levels left.
You didn't know any spells.

Dungeon Overview and Level Annotations

Branches:
Dungeon (2/15)

Altars:

Annotations:
D:2 Natasha, Robin


Innate Abilities, Weirdness & Mutations

You have hooves in place of feet.
Armour fits poorly on your strangely shaped body.
You cover ground very quickly.
You have extremely tough skin. (AC +3)


Message History

Press: ? - help, Shift-Dir - straight line, f/p - Robin
Aim: Robin, wielding a club, wearing an animal skin and wearing a helmet (heavily wounded)
You shoot an arrow. The arrow barely misses the goblin.
The arrow hits Robin but does no damage.
Robin is heavily wounded.
The goblin hits you.
You are feeling hungry.
Robin throws the goblin at you! The goblin hits you.
There is an open door here.
Firing (i - inventory): No suitable missiles.
Press: ? - help, Shift-Dir - straight line, f/p - Robin
Aim: Robin, wielding a club, wearing an animal skin and wearing a helmet (heavily wounded)
Okay, then.
Unknown command.
Natasha, Servant of Life and Death comes into view.
Natasha hisses angrily.
The goblin hits you.
* * * LOW HITPOINT WARNING * * *
Natasha zaps a wand.
The puff of flame hits you!
You die...

.............#.##(# #
#.##........## #(# #
#.##........## #(# #.#
...#........##.##.##...#
#.##....#........g.....#
..##....######.##'###..#
#####'### # #....# #
##.....## #.g..#
#.......# #@...#
#≈.....≈# #.....#
#≈≈...≈≈# #.....#
#≈≈...≈≈# #........
#≈≈...≈≈# ##+#.....
#≈≈...≈≈# .....
#≈≈...≈≈# ...h#
#≈≈...≈≈# ...# #≈≈...≈≈#


You could see Robin, Natasha and a goblin.

Vanquished Creatures
  Natasha (D:2)
  An adder (D:2)
  2 giant cockroaches (D:1)
  7 goblins
  8 hobgoblins
  A quokka (D:2)
  2 bats (D:1)
  4 frilled lizards
  10 kobolds
  6 rats
42 creatures vanquished.

Notes
Turn   | Place    | Note
-------+----------+-------------------------------------------
     0 | D:1      | Nakatomy the Centaur Hunter began the quest for the Orb.
     0 | D:1      | Reached XP level 1. HP: 17/17 MP: 1/1
   518 | D:1      | Reached XP level 2. HP: 24/24 MP: 2/2
   532 | D:1      | Reached skill level 6 in Bows
  1183 | D:2      | Reached XP level 3. HP: 29/29 MP: 3/3
  1568 | D:2      | Noticed Natasha
  1592 | D:2      | Killed Natasha
  1592 | D:2      | Reached skill level 7 in Bows
  1774 | D:2      | Noticed Robin
  1870 | D:2      | Reached XP level 4. HP: 18/36 MP: 1/4
  1921 | D:2      | Noticed Natasha
  1921 | D:2      | Killed from afar by Natasha

Skill      XL: |  1  2  3 |
---------------+----------+-----
Bows           | 6 7 |  7.5
Fighting       | |  2.0
Dodging        | |  1.3
Stealth        | |  0.4

Action                   |  1- 3 |  4- 6 || total
-------------------------+-------+-------++-------
Melee: Short sword       |   130 |     5 ||   135
       Kick              |    16 |       ||    16
 Fire: Shortbow          |    13 |    15 ||    28
  Eat: Chunk             |     2 |       ||     2
Armor: Leather armour    |    54 |     5 ||    59
Dodge: Dodged            |    56 |     4 ||    60
